 Dungeon Crawl Stone Soup version 0.31-a0-150-g89dc3ad700 (webtiles) character file.

Game seed: 6198234685009206904

1428 qw the Skirmisher (level 8, 0/70 HPs)
             Began as a Minotaur Hunter on June 8, 2023.
             Was a Follower of Okawaru.
             Slain by a gnoll
             ... wielding a +3 halberd of flaming
              (11 damage)
             ... on level 6 of the Dungeon.
             The game lasted 00:01:28 (3460 turns).

qw the Skirmisher (Minotaur Hunter)                 Turns: 3460, Time: 00:01:29

Health: 0/70       AC:  5    Str: 19    XL:     8   Next: 44%
Magic:  7/9        EV: 16    Int:  5    God:    Okawaru [*.....]
Gold:   250        SH:  0    Dex: 16    Spells: 7/7 levels left

rFire   + + .        Y - +0 arbalest
rCold   . . .        (shield currently unavailable)
rNeg    . . .        h - +1 leather armour {rF+}
rPois   .            (helmet restricted)
rElec   .            (no cloak)
rCorr   .            (no gloves)
SInv    .            (no boots)
Will    .....        (no amulet)
Stlth   +++          (no ring)
HPRegen 0.31/turn    (no ring)
MPRegen 0.11/turn

%: no passive effects
@: heroic
A: horns 2, retaliatory headbutt, fire resistance 1, shaggy fur 1, strong 1
a: Renounce Religion, Heroism


You were on level 6 of the Dungeon.
You worshipped Okawaru.
Okawaru was aware of your devotion.
You visited 1 branch of the dungeon, and saw 6 of its levels.

You collected 250 gold pieces.


Innate Abilities, Weirdness & Mutations

You have a pair of horns on your head.
You reflexively headbutt those who attack you in melee.
Your flesh is heat resistant. (rF+)
You are covered in fur. (AC +1)
Your muscles are strong. (Str +4, Int/Dex -1)


   Skills:
 - Level 6.0(11.0) Fighting
 + Level 9.6(14.6) Ranged Weapons
 - Level 1.2(6.2) Armour
 - Level 4.1(9.1) Dodging
 - Level 0.7(5.7) Stealth
 + Level 3.7 Invocations


You had 7 spell levels left.
You didn't know any spells.
Your spell library was empty.

Inventory:

Hand Weapons
 Y - a +0 arbalest (weapon)
Armour
 h - a +1 leather armour of fire resistance (worn)
Potions
 a - a potion of curing
 b - a potion of haste {unknown}
 c - a potion of might
 d - a potion of enlightenment {unknown}
 e - a potion of invisibility {unknown}
 g - a potion of mutation

Dungeon Overview and Level Annotations

Branches:
Dungeon (6/15)
 Temple: D:4-7

Altars:
Cheibriados
Okawaru
Vehumet
Xom
Zin


Message History

The gnoll is heavily wounded.
You feel like a meek peon again. The gnoll barely misses you.
The gnoll misses you.
3453 ||| INVOKING Heroism.
You gain the combat prowess of a mighty hero.
The gnoll completely misses you.
The gnoll hits you from afar with a +3 halberd of flaming!
The gnoll burns you.
You shoot a bolt. The bolt hits the gnoll!!
You kill the gnoll!
Okawaru accepts your kill. The gnoll completely misses you.
You shoot a bolt. The bolt hits the gnoll!
The gnoll is heavily wounded.
The gnoll barely misses you.
You shoot a bolt. The gnoll completely misses you.
Something hits you but does no damage. Something hits you.
The gnoll misses you.
You shoot a bolt. Okawaru accepts your kill.
Reactivating autopickup.
You feel a bit more experienced.
The hound pauses to sniff the ground.
The hound bites you but does no damage. The gnoll barely misses you.
You shoot a bolt. The bolt closely misses the hound.
The bolt closely misses the gnoll.
The hound misses you.
The gnoll hits you from afar with a +0 spear.
The gnoll hits you from afar with a +3 halberd of flaming!
The gnoll burns you. The hound misses you.
The gnoll hits you from afar with a +0 spear.
You shoot a bolt. The bolt barely misses the hound.
The bolt hits the gnoll!!
You kill the gnoll!
Okawaru accepts your kill. The hound misses you. The gnoll misses you.
The gnoll barely misses you.
You shoot a bolt. The bolt hits the hound!
The hound is severely wounded.
The gnoll is no longer moving quickly.
The hound misses you.
The gnoll hits you from afar with a +3 halberd of flaming!
You die...

#.......###.####### #.#
#.................###.####
###.......##..###..........#
####..........................#
..##.#.......###.##..#.###.##.#
#.##.#.......# #.##..#.# #.##.#
#.##.#.......# #.##?.#>###.##.#
#.##.#.......#
#.##.....)..##.###
............##
#@)............<..
.....###...##
#h###..#.#####.### #.#### ##.##
#gg# #.###......# ..# #.# #g##
##.#.#####.... ### #.# .g ##.##
#..## # ### ... #.# #..# ##
.... ### #..# .# g.... ##.# ##
.#


You could see a gnoll bouda, a hound and 3 gnolls.

Vanquished Creatures
  An orc warrior (D:6)
  An ice beast (D:5)
  An ogre (D:5)
  A phantom (D:6)
  Blork the orc (D:6)
  2 scorpions
  3 wights
  4 hounds
  A jelly (D:4)
  2 orc priests
  3 iguanas
  Ijyb (D:5)
  3 sleepcaps
  3 orc wizards
  4 gnolls (D:6)
  11 adders
  A shadow imp (D:5)
  A white imp (D:6)
  An ufetubus (D:5)
  3 worms
  3 dart slugs
  11 orcs
  5 bats
  4 endoplasms
  5 giant cockroaches
  5 hobgoblins
  3 jackals (D:2)
  3 quokkas
  8 ball pythons
  5 frilled lizards
  8 goblins
  8 kobolds
  5 rats
121 creatures vanquished.

Notes
Turn   | Place    | Note
-------+----------+-------------------------------------------
     0 | D:1      | qw the Minotaur Hunter began the quest for the Orb.
     0 | D:1      | Reached XP level 1. HP: 18/18 MP: 0/0
     0 | D:1      | 0 ||| qw: Version: 0.2-a-119-g7aa9181
     0 | D:1      | 0 ||| qw: Game counter: 2795
     0 | D:1      | 0 ||| qw: Always use a shield: true
     0 | D:1      | 0 ||| qw: God list: Okawaru
     0 | D:1      | 0 ||| qw: Allow faded altars: false
     0 | D:1      | 0 ||| qw: Do Orc after D:15 true
     0 | D:1      | 0 ||| qw: Do second Lair branch before Depths: true
     0 | D:1      | 0 ||| qw: Lair rune preference: random
     0 | D:1      | 0 ||| qw: Plans: Normal
     0 | D:1      | 0 ||| PLANNING D:1-11
   149 | D:1      | Reached XP level 2. HP: 25/25 MP: 1/1
   192 | D:1      | Reached skill level 5 in Ranged Weapons
   295 | D:1      | Reached skill level 3 in Fighting
   591 | D:1      | Reached XP level 3. HP: 31/31 MP: 2/2
   634 | D:1      | 634 ||| UPGRADING to +0 ring mail.
   644 | D:1      | 644 ||| DROPPING +0 leather armour.
   645 | D:1      | 645 ||| READING scroll labelled QENUCS RENK.
   646 | D:1      | 646 ||| DROPPING scroll of butterflies.
   738 | D:2      | Reached skill level 1 in Armour
   940 | D:2      | 940 ||| SWAPPING to +0 arbalest.
   941 | D:2      | 941 ||| DROPPING +0 shortbow.
  1027 | D:2      | Reached XP level 4. HP: 24/38 MP: 3/3
  1134 | D:2      | Reached skill level 6 in Ranged Weapons
  1310 | D:2      | 1310 ||| READING scroll labelled KAS MAPLYMA.
  1311 | D:2      | 1311 ||| READING 3 scrolls labelled CYAKAC XIL DIO.
  1312 | D:2      | 1312 ||| DRINKING 2 clear potions.
  1312 | D:2      | Gained mutation: Your flesh is heat resistant. (rF+)
                  | [potion of mutation]
  1312 | D:2      | Gained mutation: You are covered in fur. (AC +1) [potion of
                  | mutation]
  1312 | D:2      | Gained mutation: Your muscles are strong. (Str +4, Int/Dex
                  | -1) [potion of mutation]
  1313 | D:2      | 1313 ||| DROPPING 2 scrolls of fear.
  1342 | D:3      | Identified the +6 scimitar "Kottias" {venom, rPois SInv}
  1660 | D:3      | Reached XP level 5. HP: 46/46 MP: 4/4
  1665 | D:3      | 1665 ||| FLEEEEING.
  1666 | D:3      | 1666 ||| FLEEEEING.
  1667 | D:3      | 1667 ||| FLEEEEING.
  1670 | D:3      | 1670 ||| FLEEEEING.
  1673 | D:3      | 1673 ||| FLEEEEING.
  1675 | D:3      | 1675 ||| FLEEEEING.
  1676 | D:3      | 1676 ||| FLEEEEING.
  1677 | D:3      | 1677 ||| FLEEEEING.
  1678 | D:3      | 1678 ||| FLEEEEING.
  1679 | D:3      | 1679 ||| FLEEEEING.
  1680 | D:3      | 1680 ||| FLEEEEING.
  1681 | D:3      | 1681 ||| FLEEEEING.
  1682 | D:3      | 1682 ||| FLEEEEING.
  1683 | D:3      | 1683 ||| FLEEEEING.
  1684 | D:3      | 1684 ||| FLEEEEING.
  1685 | D:3      | 1685 ||| FLEEEEING.
  1686 | D:3      | 1686 ||| FLEEEEING.
  1687 | D:3      | 1687 ||| FLEEEEING.
  1688 | D:3      | 1688 ||| FLEEEEING.
  1774 | D:3      | 1774 ||| DRINKING 2 glowing silvery potions.
  1807 | D:4      | 1807 ||| STAIRDANCE
  1849 | D:4      | Reached skill level 7 in Ranged Weapons
  1849 | D:4      | Reached XP level 6. HP: 52/52 MP: 5/5
  1856 | D:4      | Reached skill level 8 in Ranged Weapons
  1962 | D:4      | Found a snail-covered altar of Cheibriados.
  2310 | D:4      | Found an iron altar of Okawaru.
  2311 | D:4      | 2311 ||| PLANNING OKAWARU WORSHIP
  2311 | D:4      | Found a radiant altar of Vehumet.
  2312 | D:4      | Found a glowing silver altar of Zin.
  2312 | D:4      | Found a shimmering altar of Xom.
  2319 | D:4      | Became a worshipper of Warmaster Okawaru
  2319 | D:4      | 2319 ||| PLANNING D:1-11
  2557 | D:5      | Entered Level 5 of the Dungeon
  2569 | D:5      | Noticed Ijyb
  2573 | D:5      | Killed Ijyb
  2574 | D:5      | Reached XP level 7. HP: 52/61 MP: 6/6
  2575 | D:5      | 2575 ||| FLEEEEING.
  2576 | D:5      | 2576 ||| FLEEEEING.
  2580 | D:5      | 2580 ||| FLEEEEING.
  2581 | D:5      | 2581 ||| FLEEEEING.
  2715 | D:5      | Reached skill level 9 in Ranged Weapons
  2773 | D:5      | Reached * piety under Okawaru
  2894 | D:5      | Reached skill level 1 in Invocations
  3178 | D:5      | 3178 ||| UPGRADING to +1 leather armour of fire resistance.
  3188 | D:5      | 3188 ||| DROPPING +0 ring mail.
  3189 | D:5      | 3189 ||| READING scroll labelled RAW JOYGIRE.
  3190 | D:5      | 3190 ||| READING scroll labelled HOYTIA VERGHA.
  3191 | D:5      | 3191 ||| DRINKING 2 sedimented sapphire potions.
  3271 | D:6      | Reached XP level 8. HP: 69/69 MP: 8/8
  3295 | D:6      | Reached skill level 6 in Fighting
  3395 | D:6      | Noticed Blork the orc
  3396 | D:6      | 3396 ||| INVOKING Heroism.
  3402 | D:6      | Killed Blork the orc
  3403 | D:6      | Reached skill level 3 in Invocations
  3441 | D:6      | 3441 ||| INVOKING Heroism.
  3453 | D:6      | 3453 ||| INVOKING Heroism.
  3458 | D:6      | HP: 16/70 [gnoll/+3 halberd of flaming (9)]
  3460 | D:6      | Slain by a gnoll

Levels and vault maps discovered:
D:1:      moated_graveyard_arrival, layout_basic, minmay_heptomino_w4
D:2:      layout_basic, serial_bayou_pond_e
D:3:      layout_basic
D:4:      layout_loops_ring, slow_altar_1, mainiacjoe_overflow_alcove_3
D:5:      layout_gridville, uniq_ijyb
D:6:      layout_loops_ring, nicolae_shop_i_like_big_books,
          nicolae_figureground_pulse, uniq_sigmund, uniq_blork_the_orc

Skill      XL: |  1  2  3  4  5  6  7  8 |
---------------+-------------------------+-----
Ranged Weapons | 5 6 7 8 9 |  9.6
Fighting       | 3 4 5 6 |  6.0
Armour         | 1 |  1.2
Dodging        | 4 |  4.1
Invocations    | 1 3 |  3.7
Stealth        | |  0.7

Action                     |  1- 3 |  4- 6 |  7- 9 || total
---------------------------+-------+-------+-------++-------
   Fire: Shortbow          |   120 |       |       ||   120
         Arbalest          |     6 |   101 |   100 ||   207
 Invoke: Heroism           |       |       |     3 ||     3
    Use: Scroll            |     1 |     2 |     2 ||     5
         Potion            |       |     2 |     1 ||     3
 Armour: Leather armour    |    14 |       |     3 ||    17
         Ring mail         |     9 |    21 |    10 ||    40
  Dodge: Dodged            |    36 |    34 |    40 ||   110

Table legend:
 A = Non-vault XP
 B = Vault XP
 C = Vault XP percentage of total XP
 D = Non-vault monster count
 E = Vault monster count
 F = Vault count percentage of total count
                 A         B        C        D         E       F
            +---------+---------+-------+---------+---------+-------
      Total |    1887 |     153 |   7.5 |     112 |       9 |   7.4
            +---------+---------+-------+---------+---------+-------
        D:1 |      31 |      12 |  27.9 |      21 |       6 |  22.2
        D:2 |      81 |       0 |   0.0 |      18 |       0 |   0.0
        D:3 |     205 |       0 |   0.0 |      17 |       0 |   0.0
        D:4 |     389 |       5 |   1.3 |      19 |       1 |   5.0
        D:5 |     663 |      36 |   5.2 |      22 |       1 |   4.3
        D:6 |     518 |     100 |  16.2 |      15 |       1 |   6.2
            +---------+---------+-------+---------+---------+-------
